 Dungeon Crawl Stone Soup version 0.29-a0-845-g6161e89988 (webtiles) character file.

Game seed: 17955541212977456662

52 ytrimaz the Caller (level 3, 0/21 HPs)
             Began as an Octopode Summoner on July 15, 2022.
             Killed from afar by Ijyb (13 damage)
             ... with a bolt of light
             ... on level 3 of the Dungeon.
             The game lasted 00:04:57 (2930 turns).

ytrimaz the Caller (Octopode Summoner)              Turns: 2930, Time: 00:04:57

Health: 0/21       AC:  1    Str:  7    XL:     3   Next: 85%
Magic:  4/7        EV: 13    Int: 19    God:
Gold:   101        SH:  0    Dex: 12    Spells: 1/7 levels left

rFire   . . .      SeeInvis .   (no weapon)
rCold   . . .      Faith    .   (no shield)
rNeg    . . .      Spirit   .   (helmet restricted)
rPois   .          Reflect  .   (no amulet)
rElec   .          Harm     .   (no ring)
rCorr   .          Rampage  .   (no ring)
Will    .....                   (no ring)
Stlth   +++.......              (no ring)
HPRegen 0.07/turn               (no ring)
MPRegen 0.10/turn               (no ring)
                                (no ring)
                                (no ring)

@: no status effects
A: almost no armour, amphibious, 8 rings, camouflage 1, gelatinous body 1,
(nimble swimmer 1), tentacles
a: no special abilities


You were on level 3 of the Dungeon.
You visited 1 branch of the dungeon, and saw 3 of its levels.

You collected 101 gold pieces.

Inventory:

Jewellery
 b - a ring of positive energy
Wands
 f - a wand of polymorph (5)
Potions
 a - a potion of magic
 c - 2 potions of heal wounds
 d - a potion of brilliance {unknown}
 e - a potion of might {unknown}
 g - 2 potions of attraction {unknown}
 i - 5 potions of curing {unknown}


   Skills:
 - Level 2.0 Dodging
 - Level 2.6 Stealth
 + Level 2.7 Spellcasting
 + Level 4.9 Summonings


You had one spell level left.
You knew the following spells:

 Your Spells              Type           Power      Damage    Failure   Level
a - Summon Small Mammal   Summ           84%        N/A       1%          1
b - Call Imp              Summ           21%        N/A       3%          2
c - Call Canine Familiar  Summ           21%        N/A       6%          3

Your spell library contained the following spells:

 Spells                   Type           Power      Damage    Failure   Level
 Summon Guardian Golem    Hex/Summ       12%        N/A       17%         3
 Frozen Ramparts          Ice            4%         1d2       43%         3
 Summon Ice Beast         Ice/Summ       12%        N/A       50%         4
 Summon Lightning Spire   Summ/Air       12%        N/A       50%         4
 Ice Form                 Ice/Tmut       2%         N/A       83%         4


Dungeon Overview and Level Annotations

Branches:
Dungeon (3/15)

Altars:

Annotations:
D:3 Ijyb


Innate Abilities, Weirdness & Mutations

You cannot wear most types of armour.
You are amphibious.
You can wear up to eight rings at the same time.
Your skin changes colour to match your surroundings (Stealth+).
Your rubbery body absorbs attacks. (AC +1, EV +1)
((You are camouflaged when in or above water. (Stealth+)))
You have tentacles for arms and can constrict up to eight enemies at once.


Message History

An endoplasm comes into view.
An endoplasm is nearby!
An endoplasm is nearby!
You miscast Call Imp.
You are very lightly contaminated with residual magic.
Nothing appears to happen.
A shadowy apparition takes form in the air.
The endoplasm quivers.
Your shadow imp hits the endoplasm.
The endoplasm hits your shadow imp.
Your shadow imp hits the endoplasm.
The endoplasm dies!
Your magical contamination has completely faded away.
Your shadow imp disappears in a puff of smoke!
Ijyb the Twisted Goblin comes into view.
She is wielding a +0 dagger and carrying a wand of light (10).
Ijyb shouts!
Ijyb is nearby!
Ijyb is nearby!
Casting: Call Imp (safe; 3% risk of failure)
Confirm with . or Enter, or press ? or * to list all spells.
The spell is quite dangerous to miscast (6% risk of failure)!
Continue anyway?
Unknown command.
You swap places.
Ijyb zaps a wand.
The bolt of light hits your hound! The bolt of light hits you!
You are confused.
Your hound barely misses Ijyb.
Your hound bites Ijyb but does no damage.
Ijyb completely misses your hound.
Your hound closely misses Ijyb.
Your hound bites Ijyb but does no damage.
Ijyb misses your hound.
You feel less confused.
Your hound bites Ijyb but does no damage.
Ijyb zaps a wand.
The bolt of light hits your hound!
Your hound dies!
Your hound's corpse disappears in a puff of smoke!
The bolt of light misses you.
Ijyb zaps a wand.
The bolt of light hits you!
Ouch! That really hurt!
You die...

##.....##....(..#
##.##.##.######.##
#.###.###.....#.#
#.# #.# #####.#.#
#.###.### #.#.##
#.......# #....#
#.......# ######
#.......#####
#..@.ยง......#
#.####g####.# #.#
... #.# .##.# #.#
g# # .. ##


You could see Ijyb.

Vanquished Creatures
  2 endoplasms
  A giant cockroach (D:2)
  2 hobgoblins (D:1)
  A kobold (D:1)
  A quokka (D:3)
  A ball python (D:1)
  A rat (D:1)
9 creatures vanquished.

Vanquished Creatures (collateral kills)
  An adder (D:2)
  A dart slug (D:1)
  7 endoplasms
  A giant cockroach (D:1)
  A goblin (D:2)
  2 hobgoblins (D:2)
  A quokka (D:1)
  3 ball pythons
  5 bats
  3 frilled lizards (D:1)
  A kobold (D:2)
  4 rats
30 creatures vanquished.

Grand Total: 39 creatures vanquished

Notes
Turn   | Place    | Note
-------+----------+-------------------------------------------
     0 | D:1      | ytrimaz the Octopode Summoner began the quest for the Orb.
     0 | D:1      | Reached XP level 1. HP: 11/11 MP: 3/3
   171 | D:1      | Reached XP level 2. HP: 17/17 MP: 1/5
   510 | D:1      | Learned a level 2 spell: Call Imp
  1300 | D:2      | Reached XP level 3. HP: 20/21 MP: 1/6
  1304 | D:2      | Learned a level 3 spell: Call Canine Familiar
  2922 | D:3      | Noticed Ijyb
  2930 | D:3      | Killed from afar by Ijyb

Illustrated notes

Levels and vault maps discovered:
D:1:      elethiomel_arrival_shortcut, layout_rooms
D:2:      layout_basic, roderic_roman_lattice
D:3:      layout_basic, shapermc_ecumenical_altar_totnotflames,
          hex_intersection, minmay_goblin_outpost, uniq_grinder, uniq_ijyb

Action                   || total
-------------------------++-------
Melee: Unarmed           ||    30
       Constrict         ||     7
       Tentacles         ||     7
 Cast: Summon Small Mamm ||    19
       Call Imp          ||    15
       Call Canine Famil ||     8
  Use: Scroll            ||     6
 Stab: Distracted        ||     1
       Sleeping          ||     1
Armor: Skin              ||     4
Dodge: Dodged            ||    25

Table legend: (Time is in decaauts)
 A = Elapsed time spent in this place.
 B = Non-inter-level travel time spent in this place.
 C = Inter-level travel time spent in this place.
 D = Time resting spent in this place.
 E = Time spent auto-exploring this place.
 F = Levels seen in this place.
 G = Mean time per level.
                   A        B        C        D        E       F      G
               +--------+--------+--------+--------+--------+-----+--------+
         Total |   2929 |   2912 |     17 |    205 |   2244 |   3 |  976.3 |
       Dungeon |   2929 |   2912 |     17 |    205 |   2244 |   3 |  976.3 |
               +--------+--------+--------+--------+--------+-----+--------+

Top non-repeatable levels by time:
     D:2: 1325 daAuts
     D:1: 1285 daAuts
     D:3: 318 daAuts
